 Dungeon Crawl Stone Soup version 0.18-a0-888-gdb73dea (webtiles) character file.

80 Nakatomy the Chopper (level 4, -3/39 HPs)
             Began as a Minotaur Fighter on Dec 23, 2015.
             Killed from afar by an orc wizard (14 damage)
             ... with a puff of frost
             ... on level 4 of the Dungeon.
             The game lasted 00:06:07 (1867 turns).

Nakatomy the Chopper (Minotaur Fighter)             Turns: 1867, Time: 00:06:07

Health: -3/39      AC:  8    Str: 21    XL:     4   Next: 18%
Magic:  3/3        EV:  2    Int:  5    God:
Gold:   145        SH:  0    Dex: 10    Spells: 0 memorised, 3 levels left

rFire  . . .     SeeInvis .     a - +0 war axe
rCold  . . .     Gourm    .     b - +0 scale mail
rNeg   . . .     Faith    .     c - +0 shield
rPois  .         Spirit   .     (helmet restricted)
rElec  .         Dismiss  .     (no cloak)
rCorr  .         Reflect  .     g - +0 pair of gloves
SustAt .         Harm     .     (no boots)
MR     .....                    (no amulet)
Stlth  ..........               (no ring)
                                (no ring)

@: confused, not resistant to hostile enchantments, extremely unstealthy
A: retaliatory headbutt, horns 2
a: no special abilities


You were on level 4 of the Dungeon.
You were not hungry.

You visited 1 branch of the dungeon, and saw 4 of its levels.

You collected 145 gold pieces.

Inventory:

Hand Weapons
 a - a +0 war axe (weapon)
Armour
 b - a +0 scale mail (worn)
 c - a +0 shield (worn)
 g - a +0 pair of gloves (worn)
Jewellery
 l - an uncursed ring of positive energy {unknown}
Wands
 m - a wand of polymorph (11/24)
 n - a wand of fireball (7/15)
Scrolls
 e - 2 scrolls of teleportation {unknown}
 h - a scroll of random uselessness {unknown}
 j - 2 scrolls of recharging {unknown}
 p - 3 scrolls of identify {unknown}
 q - 2 scrolls of enchant armour {unknown}
 r - a scroll of noise {unknown}
Potions
 d - a potion of might
 i - 2 potions of curing {unknown}
 k - a potion of brilliance {unknown}
 t - a potion of lignification {unknown}
Comestibles
 f - 3 bread rations
 o - 2 beef jerkies
 s - 4 fruits
 u - a meat ration


   Skills:
 - Level 3.6 Fighting
 + Level 5.4 Axes
 - Level 3.6 Armour
 - Level 3.6 Shields


You had 3 spell levels left.
You didn't know any spells.

Dungeon Overview and Level Annotations

Branches:
Dungeon (4/15)
 Temple: D:4-7

Altars:
Dithmenos
Kikubaaqudgha
Nemelex Xobeh
Sif Muna


Innate Abilities, Weirdness & Mutations

You reflexively headbutt those who attack you in melee.
You have a pair of horns on your head.


Message History

The puff of flame hits something.
You hear some strange, mumbled words.
You are confused.
There is a stone staircase leading up here.
The orc priest hits you with a flail.
You hear some strange, mumbled words.
In your confused state, you trip and fall back down the stairs.
Something hits you but does no damage.
The orc priest calls down the wrath of Beogh upon you.
Pain shoots through your body!
* * * LOW HITPOINT WARNING * * *
Something hits you but does no damage.
An orc comes into view. It is wielding a whip.
Unknown command.
The orc shouts!
The giant gecko completely misses you. Something hits you but does no damage.
You hear some strange, mumbled words.
A puff of frost appears from out of thin air!
The puff of frost hits you!
You die...

. ####.. .......
.#.... .. ....
##.## #... >. . .
#..# .#.#
#.###..####.#.##
#.....@.o..o...###
......{olo.........
##.......#...#..###
##....#.#.)..o....
#....#...#.#...##
#.?.....##.......
#....##.. ##(..#.
#.... ##.. #....
..## ### ....


You could see an orc priest, an orc wizard, 3 orcs and a giant gecko.

Vanquished Creatures
  2 adders
  An ooze (D:2)
  A giant gecko (D:3)
  An orc (D:4)
  6 giant cockroaches
  5 goblins
  7 hobgoblins
  4 jackals (D:1)
  7 kobolds
  A ball python (D:1)
  8 bats
  5 giant newts
  3 rats
51 creatures vanquished.

Notes
Turn   | Place    | Note
--------------------------------------------------------------
     0 | D:1      | Nakatomy the Minotaur Fighter began the quest for the Orb.
     0 | D:1      | Reached XP level 1. HP: 19/19 MP: 0/0
    87 | D:1      | Reached XP level 2. HP: 26/26 MP: 1/1
   108 | D:1      | Found a sparkling altar of Nemelex Xobeh.
   235 | D:1      | Reached skill level 4 in Axes
   448 | D:2      | Reached XP level 3. HP: 31/31 MP: 2/2
   526 | D:2      | Found a shadowy altar of Dithmenos.
  1071 | D:3      | Reached skill level 5 in Axes
  1219 | D:3      | Reached XP level 4. HP: 39/39 MP: 3/3
  1358 | D:3      | Found an ancient bone altar of Kikubaaqudgha.
  1824 | D:3      | Found a deep blue altar of Sif Muna.
  1867 | D:4      | Killed from afar by an orc wizard

Vault maps used:
D:1:      dpeg_arrival_rhombus, nemelex_deck
D:2:      nicolae_dithmenos_shadow_blocks
D:3:      overflow_temple_1_default, corexii_corridor_pit, lemuel_blue_sif_altar
D:4:      first_bread, corexii_corridor_pit,
          nicolae_gozag_cash_rules_everything_around_me, uniq_blork_the_orc

Action                   |  1- 3 |  4- 6 || total
-------------------------+-------+-------++-------
Melee: War axe           |    87 |    22 ||   109
  Eat: Chunk             |     1 |     2 ||     3
